 Dungeon Sprint DCSS version 0.30-a0-591-g3c58d2bc28 (webtiles) character file.

Game seed: 15321267449081740515

585 NinjaNoafa the Fighter (level 7, -3/63 HPs)
             Began as a Human Berserker on Jan 5, 2023.
             Was a High Priest of Trog.
             Slain by a bog body (9 damage)
             ... in the Dungeon (Sprint VII: "The Pits").
             The game lasted 00:02:30 (466 turns).

NinjaNoafa the Fighter (Human Berserker)             Turns: 466, Time: 00:02:31

Health: -3/63      AC: 15    Str: 20    XL:     7   Next: 64%
Magic:  7/7        EV:  8    Int:  7    God:    Trog [*****.]
Gold:   0          SH:  0    Dex: 12    Spells: 6/6 levels left

rFire   . . .      SeeInvis .    b - +1 flail (heavy)
rCold   . . .      Faith    .    (no shield)
rNeg    . . .      Spirit   .    l - +2 plate armour
rPois   .          Reflect  .    (no helmet)
rElec   .          Harm     .    (no cloak)
rCorr   .          Rampage  .    (no gloves)
Will    .....      NoTele   +    (no boots) Stlth
                                 (no amulet)
HPRegen 0.30/turn                (no ring)
MPRegen 0.10/turn                (no ring)

@: slowed, very slow
A: no striking features
a: Renounce Religion, Berserk, Trog's Hand, Brothers in Arms


You were in the Dungeon.
You worshipped Trog.
Trog was extremely pleased with you.
You visited 1 branch

Inventory:

Hand Weapons
 b - a +1 heavy flail (weapon)
Missiles
 i - 7 poisoned darts (quivered)
Armour
 l - a +2 plate armour (worn)
Scrolls
 h - a scroll of blinking
 j - a scroll of summoning
 k - 2 scrolls of vulnerability
Potions
 a - 2 potions of invisibility
 c - 6 potions of curing
 d - 6 potions of heal wounds
 e - a potion of haste
 f - 4 potions of magic
 g - 3 potions of berserk rage


   Skills:
 + Level 8.9 Fighting
 + Level 8.9 Maces & Flails
 + Level 8.6 Armour
 - Level 6.0 Dodging


You had 6 spell levels left.
You didn't know any spells.
Your spell library was empty.

Dungeon Overview and Level Annotations

Branches:
Dungeon (1/1)

Altars:
Ashenzari
Cheibriados
Dithmenos
Elyvilon
Fedhas
Gozag
Hepliaklqana
Kikubaaqudgha
Makhleb
Nemelex Xobeh
Okawaru
Qazlal
Ru
Sif Muna
Trog
Uskayaw
Vehumet
Wu Jian
Xom
Yredelemnul
Zin
The Shining One
Jiyva
Lugonu


Message History

HP restored.
As you open the door, it creaks loudly!
A jelly comes into view.
The jelly quivers.
You hit the jelly.
Your hands burn!
The jelly is lightly wounded.
The jelly hits you but does no damage.
You bludgeon the jelly!!
You kill the jelly!
Trog accepts your kill.
There is an open door here.
You start resting.
HP restored.
You open the door.
A bog body comes into view.
The bog body gestures at you while chanting.
You feel yourself slow down. The bog body closely misses you.
There is an open door here.
You sock the bog body!
The bog body is heavily damaged.
The bog body gestures at you while chanting.
The bolt of cold hits you!!
The bog body touches you but does no damage.
You barely miss the bog body.
The bog body is moderately damaged.
The bog body completely misses you. The bog body casts a spell at you.
You feel as though you will be slow longer.
You closely miss the bog body.
The bog body is moderately damaged.
The bog body touches you. The bog body freezes you!
The bog body gestures at you while chanting.
The bolt of cold hits you but does no damage.
You hit the bog body but do no damage.
The bog body is moderately damaged.
The bog body touches you! The bog body freezes you!
* * * LOW HITPOINT WARNING * * *
The bog body touches you!
You die...

#.#....†...##.......#
#.#........##.......#
#'###########.......#
#)......# #########
#.###...# #.#.....#
#.#...#.#+#
#.....#.#n+
#...###.#@#
#....)..'.#
###########


You could see a bog body.

Vanquished Creatures
  A fire bat (D)
  A floating eye (D)
  2 kobold brigands (D)
  A scorpion (D)
  A crimson imp (D)
  A jelly (D)
  2 orc priests (D)
  A river rat (D)
  A white imp (D)
  2 orcs (D)
  An endoplasm (D)
  A giant cockroach (D)
  A hobgoblin (D)
  A frilled lizard (D)
  2 goblins (D)
  A rat (D)
20 creatures vanquished.

Notes
Turn   | Place    | Note
-------+----------+-------------------------------------------
     0 | D        | NinjaNoafa the Human Berserker began the quest for the Orb.
     0 | D        | Reached XP level 1. HP: 18/18 MP: 1/1
    41 | D        | Found a glowing golden altar of the Shining One.
    41 | D        | Found a glowing silver altar of Zin.
    41 | D        | Found a basalt altar of Yredelemnul.
    41 | D        | Found a shimmering altar of Xom.
    41 | D        | Found an ornate altar of the Wu Jian Council.
    41 | D        | Found a bloodstained altar of Trog.
    41 | D        | Found a shimmering blue altar of Sif Muna.
    41 | D        | Found a sacrificial altar of Ru.
    41 | D        | Found a stormy altar of Qazlal.
    41 | D        | Found an iron altar of Okawaru.
    41 | D        | Found a sparkling altar of Nemelex Xobeh.
    41 | D        | Found a burning altar of Makhleb.
    41 | D        | Found a viscous altar of Jiyva.
    41 | D        | Found a hazy altar of Hepliaklqana.
    41 | D        | Found an opulent altar of Gozag.
    41 | D        | Found a blossoming altar of Fedhas.
    41 | D        | Found a white marble altar of Elyvilon.
    41 | D        | Found a shadowy altar of Dithmenos.
    41 | D        | Found a snail-covered altar of Cheibriados.
    42 | D        | Found a radiant altar of Vehumet.
    42 | D        | Found a corrupted altar of Lugonu.
    43 | D        | Found an ancient bone altar of Kikubaaqudgha.
    43 | D        | Found a hide-covered altar of Uskayaw.
    43 | D        | Found a broken altar of Ashenzari.
    53 | D        | Noticed a scorpion
    57 | D        | Killed a scorpion
    57 | D        | Reached ** piety under Trog
    58 | D        | Reached XP level 2. HP: 26/26 MP: 2/2
    58 | D        | Reached XP level 3. HP: 31/31 MP: 3/3
    58 | D        | Reached XP level 4. HP: 38/38 MP: 4/4
    93 | D        | Noticed a floating eye
   101 | D        | Killed a floating eye
   102 | D        | Reached skill level 5 in Armour
   102 | D        | Reached skill level 5 in Dodging
   102 | D        | Reached XP level 5. HP: 35/46 MP: 5/5
   154 | D        | Reached *** piety under Trog
   172 | D        | Reached XP level 6. HP: 51/53 MP: 6/6
   247 | D        | Noticed a fire bat
   279 | D        | Reached **** piety under Trog
   302 | D        | Killed a fire bat
   302 | D        | Reached ***** piety under Trog
   303 | D        | Reached XP level 7. HP: 39/63 MP: 7/7
   461 | D        | Noticed a bog body
   466 | D        | Slain by a bog body

Illustrated notes

Levels and vault maps discovered:
D:        pitsprint [storerooms_1, entrance_room_1, metal_vault_2, armoury_1,
          mini_pit_1, grid_room_1, main_hall_1, silver_pit, the_coven_3,
          the_vestibule_1, steel_vault_5, golden_pit, hallway_of_sentries,
          crystal_vault_5, iron_vault_1, final_vault]

Skill      XL: |  1  2  3  4  5  6 |
---------------+-------------------+-----
Fighting       | 4 6 8 |  8.9
Maces & Flails | 4 6 8 |  8.9
Armour         | 4 5 6 8 |  8.6
Dodging        | 4 5 6 |  6.0

Action                   |  1- 3 |  4- 6 |  7- 9 || total
-------------------------+-------+-------+-------++-------
Melee: Mace              |     5 |    18 |       ||    23
       Flail             |       |    26 |    14 ||    40
       Punch             |       |       |     1 ||     1
Invok: Berserk           |     1 |       |       ||     1
       Trog's Hand       |       |     1 |       ||     1
Armor: Animal skin       |     1 |     2 |       ||     3
       Plate armour      |       |    31 |     7 ||    38
Dodge: Dodged            |     1 |    42 |     5 ||    48

Table legend: (Time is in decaauts)
 A = Elapsed time spent in this place.
 B = Non-inter-level travel time spent in this place.
 C = Inter-level travel time spent in this place.
 D = Time resting spent in this place.
 E = Time spent auto-exploring this place.
 F = Levels seen in this place.
 G = Mean time per level.
                   A        B        C        D        E       F      G
               +--------+--------+--------+--------+--------+-----+--------+
         Total |    501 |    501 |      0 |    158 |     81 |   1 |  501.0 |
       Dungeon |    501 |    501 |      0 |    158 |     81 |   1 |  501.0 |
               +--------+--------+--------+--------+--------+-----+--------+

Top non-repeatable levels by time:
       D: 501 daAuts
